 Dungeon Crawl Stone Soup version 0.19.4-9-g45fd643 (webtiles) character file.

1789 Haldmier the Carver (level 8, -2/48 (51) HPs)
             Began as a High Elf Skald on Feb 22, 2017.
             Was a Follower of Ashenzari.
             Slain by a killer bee (6 damage)
             ... on level 7 of the Dungeon.
             The game lasted 00:37:25 (8561 turns).

Haldmier the Carver (High Elf Skald)                Turns: 8561, Time: 00:37:25

HP:   -2/48 (51)    AC:  6    Str: 13    XL:     8   Next: 82%
MP:   15/15         EV: 12    Int: 16    God:    Ashenzari [*.....]
Gold: 195           SH:  0    Dex: 15    Spells: 4 memorised, 6 levels left

rFire  . . .     SeeInvis .     a - +0 long sword
rCold  . . .     Gourm    .     j - +0 leather armour
rNeg   . . .     Faith    .     (no shield)
rPois  .         Spirit   .     (no helmet)
rElec  .         Reflect  .     w - +0 cloak
rCorr  .         Harm     .     (no gloves)
MR     +....                    l - +1 pair of boots
Stlth  +.........               (no amulet)
                                (no ring)
                                H - ring of protection from magic

@: lethally poisoned (-2 -> -22)
A: no striking features
a: Curse Item, Scrying, Renounce Religion


You were on level 7 of the Dungeon.
You worshipped Ashenzari.
Ashenzari was aware of your devotion.
You were hungry.

You visited 1 branch of the dungeon, and saw 7 of its levels.
You also visited: Sewer.

You collected 195 gold pieces.

Inventory:

Hand Weapons
 a - a +0 long sword (weapon)
 b - a +0 hunting sling
 s - a +1 dagger of holy wrath
 I - a +0 dagger of protection
Missiles
 f - 3 tomahawks (quivered)
 i - 36 sling bullets
 m - 229 stones
Armour
 j - a +0 leather armour (worn)
 l - a +1 pair of boots (worn)
 u - a +0 ring mail
 w - a +0 cloak (worn)
Jewellery
 n - an uncursed amulet of faith
 H - a ring of protection from magic (left hand)
Wands
 y - a wand of slowing (48/48)
Scrolls
 e - 5 scrolls of teleportation
 g - 4 scrolls of magic mapping
 p - 4 scrolls of remove curse
 v - 3 scrolls of amnesia {unknown}
 x - 2 scrolls of recharging
 C - a scroll of blinking
Potions
 h - 5 potions of curing {unknown}
 k - a potion of lignification
 q - a potion of ambrosia
 r - 2 potions of berserk rage
 t - 2 potions of magic
 z - 2 potions of flight
 B - 2 potions of might {unknown}
 E - a potion of haste {unknown}
 F - a potion of brilliance {unknown}
Books
 c - a book of Battle

   Spells                             Type                      Level
   a - Infusion                       Charms                       1
   b - Shroud of Golubria             Charms/Translocation         2
   c - Song of Slaying                Charms                       2
   d - Spectral Weapon                Hexes/Charms                 3
   e - Regeneration                   Charms/Necromancy            3
 D - a book of Changes

   Spells                             Type                      Level
   a - Beastly Appendage              Transmutation                1
   b - Sticks to Snakes               Transmutation                2
   c - Spider Form                    Transmutation/Poison         3
   d - Ice Form                       Ice/Transmutation            4
   e - Blade Hands                    Transmutation                5
Comestibles
 d - 2 bread rations
 o - a chunk of flesh
 A - a meat ration


   Skills:
 + Level 2.8 Fighting
 * Level 9.3 Long Blades
 - Level 0.8 Armour
 + Level 2.3 Dodging
 - Level 4.0 Spellcasting
 - Level 4.0 Hexes
 + Level 5.4 Charms
 - Level 3.0 Necromancy
 - Level 3.2 Translocations


You had 6 spell levels left.
You knew the following spells:

 Your Spells              Type           Power        Failure   Level  Hunger
a - Infusion              Chrm           ###.         2%          1    None
b - Shroud of Golubria    Chrm/Tloc      ###.......   8%          2    ##.....
c - Spectral Weapon       Hex/Chrm       ###.....     12%         3    ###....
d - Regeneration          Chrm/Necr      ###.......   14%         3    ###....


Dungeon Overview and Level Annotations

Branches:
Dungeon (7/15)
 Temple: D:4-7

Altars:
Ashenzari
Dithmenos
Elyvilon
Kikubaaqudgha
Nemelex Xobeh
Qazlal
Xom


Message History

You take 4 damage, and have 20/48 hp.
You feel sick. The killer bee closely misses you.
You riposte.
You hit the killer bee but do no damage.
The killer bee closely misses you.
You take 2 damage, and have 18/48 hp.
You feel sick. The killer bee barely misses you. x2
The killer bee stings you but does no damage.
The killer bee stings you.
* * * LOW HITPOINT WARNING * * *
You are more poisoned.
The killer bee poisons you!
There is a stone staircase leading up, spattered with blood here.
You take 5 damage, and have 13/48 hp.
* * * LOW HITPOINT WARNING * * *
You feel sick. The killer bee stings you.
* * * LOW HITPOINT WARNING * * *
The killer bee closely misses you. The killer bee stings you.
* * * LOW HITPOINT WARNING * * *
The killer bee stings you.
You die...

#..........#....#..
#..........#..(.##+
######+###+#####.......
#......................
#..........o..)........
#............o.........
#.....y...o............
#.....yy........######+
#.....@yy.......#
##+######.......#
#.......# #.......#
#.......# #..[....#
.......... ..........


You could see an orc warrior, 5 killer bees and 2 orcs.

Vanquished Creatures
  Edmund (D:5)
  A sky beast (D:5)
  A necrophage (D:6)
  3 phantoms (D:6)
  An ice beast (D:6)
  An ogre (D:6)
  A big kobold (Sewer)
  A bullfrog (D:6)
  2 scorpions
  A jelly (D:5)
  A water moccasin skeleton (D:4)
  A killer bee (D:6)
  An electric eel (D:6)
  2 crimson imps
  A centaur zombie (D:5)
  3 orc priests
  2 orc wizards
  4 worker ants
  2 hound skeletons
  A worker ant zombie (D:6)
  13 adders
  2 river rats
  3 oozes
  An adder zombie (D:5)
  4 worms
  2 dart slugs
  6 leopard geckos
  12 orcs
  4 ball pythons
  3 giant cockroaches
  8 goblins
  5 hobgoblins
  10 jackals
  3 quokkas
  A ball python skeleton (D:4)
  4 bats
  7 frilled lizards
  A giant cockroach zombie (D:5)
  A jackal skeleton (D:7)
  14 kobolds
  2 quokka skeletons (D:6)
  11 rats
148 creatures vanquished.

Vanquished Creatures (others)
  2 spectral weapons
2 creatures vanquished.

Grand Total: 150 creatures vanquished

Notes
Turn   | Place    | Note
-------+----------+-------------------------------------------
     0 | D:1      | Haldmier the High Elf Skald began the quest for the Orb.
     0 | D:1      | Reached XP level 1. HP: 14/14 MP: 4/4
   391 | D:1      | Reached skill level 3 in Long Blades
   391 | D:1      | Reached XP level 2. HP: 19/19 MP: 1/6
   798 | D:1      | Learned a level 2 spell: Shroud of Golubria
   872 | D:2      | Reached skill level 4 in Long Blades
  1026 | D:2      | Reached XP level 3. HP: 24/24 MP: 4/7
  1066 | D:2      | Reached skill level 1 in Translocations
  1204 | D:2      | Learned a level 3 spell: Spectral Weapon
  1297 | D:2      | Found a stormy altar of Qazlal.
  1299 | D:2      | Noticed an air elemental
  1300 | D:2      | Noticed an earth elemental
  1300 | D:2      | Noticed a water elemental
  1300 | D:2      | Noticed a fire elemental
  1700 | D:3      | Reached XP level 4. HP: 29/29 MP: 1/8
  1958 | D:3      | Reached skill level 1 in Hexes
  2521 | D:3      | Reached skill level 5 in Long Blades
  3115 | D:3      | Reached XP level 5. HP: 21/34 MP: 3/9
  4083 | D:4      | Reached XP level 6. HP: 36/39 MP: 1/10
  4352 | D:4      | Found an ancient bone altar of Kikubaaqudgha.
  4353 | D:4      | Found a sparkling altar of Nemelex Xobeh.
  4357 | D:4      | Found a shadowy altar of Dithmenos.
  4502 | D:4      | Found a shattered altar of Ashenzari.
  4504 | D:4      | Found a white marble altar of Elyvilon.
  4609 | D:5      | Entered Level 5 of the Dungeon
  4609 | D:5      | Noticed a sky beast
  4629 | D:5      | Killed a sky beast
  4629 | D:5      | Reached skill level 6 in Long Blades
  4636 | D:4      | Learned a level 3 spell: Regeneration
  5817 | D:4      | Became a worshipper of Ashenzari the Shackled
  5893 | D:4      | Reached skill level 1 in Necromancy
  6037 | D:5      | Reached XP level 7. HP: 42/45 MP: 3/11
  6685 | D:5      | Noticed Edmund
  6713 | D:5      | Killed Edmund
  6713 | D:5      | Reached skill level 7 in Long Blades
  7304 | D:6      | Found a glowing drain.
  7312 | Sewer    | Entered a sewer
  7783 | Sewer    | Reached skill level 8 in Long Blades
  7783 | Sewer    | Reached XP level 8. HP: 39/50 MP: 8/13
  8056 | D:6      | Found a shimmering altar of Xom.
  8058 | D:6      | Found a shimmering altar of Xom.
  8059 | D:6      | Found a shimmering altar of Xom.
  8059 | D:6      | Found a shimmering altar of Xom.
  8059 | D:6      | Found a shimmering altar of Xom.
  8061 | D:6      | Found a shimmering altar of Xom.
  8071 | D:6      | Reached skill level 5 in Charms
  8075 | D:6      | Found a shimmering altar of Xom.
  8151 | D:6      | Reached skill level 9 in Long Blades
  8226 | D:6      | Reached * piety under Ashenzari
  8561 | D:7      | Slain by a killer bee

Skill      XL: |  1  2  3  4  5  6  7  8 |
---------------+-------------------------+-----
Long Blades    | 3 4 5 6 8 9 |  9.3
Translocations | 1 2 3 |  3.2
Hexes          | 1 2 3 4 |  4.0
Necromancy     | 1 2 3 |  3.0
Charms         | 4 5 |  5.4
Spellcasting   | 3 4 |  4.0
Dodging        | 2 |  2.3
Fighting       | |  2.8
Armour         | |  0.8

Action                   |  1- 3 |  4- 6 |  7- 9 || total
-------------------------+-------+-------+-------++-------
Melee: Falchion          |    80 |   234 |    98 ||   412
       Long sword        |       |       |   154 ||   154
 Fire: Hunting sling     |       |    11 |       ||    11
Throw: Stone             |     1 |     4 |       ||     5
       Tomahawk          |       |       |     1 ||     1
 Cast: Infusion          |    17 |    21 |     1 ||    39
       Shroud of Golubri |     3 |    21 |    10 ||    34
       Regeneration      |       |     6 |    12 ||    18
       Spectral Weapon   |       |     2 |    16 ||    18
  Use: Scroll            |       |     6 |     5 ||    11
       Potion            |       |       |     1 ||     1
 Stab: Sleeping          |     2 |       |       ||     2
       Distracted        |       |     1 |     1 ||     2
  Eat: Chunk             |     3 |     9 |     7 ||    19
       Bread ration      |       |     2 |     1 ||     3
Armor: Leather armour    |    26 |    80 |    59 ||   165
Dodge: Dodged            |    52 |   138 |   109 ||   299
       Rpst.: Falchion   |    18 |    33 |     9 ||    60
       Long sword        |       |       |    25 ||    25
